 Dungeon Crawl Stone Soup version 0.28.0-1-gb440e238dd (webtiles) character file.

Game seed: 5719473304092717921

707 jfcaron the Skirmisher (level 7, -7/56 HPs)
             Began as a Demonspawn Monk on Feb 24, 2022.
             Mangled by an ogre (14 damage)
             ... on level 4 of the Dungeon.
             The game lasted 00:10:09 (5428 turns).

jfcaron the Skirmisher (Demonspawn Monk)            Turns: 5428, Time: 00:10:10

Health: -7/56      AC: 15    Str: 12 (13) XL:     7   Next: 39%
Magic:  7/7        EV:  6    Int:  8 (11) God:
Gold:   157        SH:  4    Dex: 14 (16) Spells: 6/6 levels left

rFire   . . .      SeeInvis .   a - +1 hand axe
rCold   . . .      Faith    .   (no shield)
rNeg    . . .      Spirit   .   o - +0 chain mail
rPois   .          Reflect  .   (no helmet)
rElec   .          Harm     .   (no cloak)
rCorr   .          Rampage  .   (no gloves)
Will    .....                   (no boots)
Stlth   ..........              (no amulet)
HPRegen 0.18/turn               (no ring)
MPRegen 0.10/turn               (no ring)

@: flying
A: icy blue scales 1, icemail 1, powered by pain 1, condensation shield,
weakness stinger 1
a: no special abilities


You were on level 4 of the Dungeon.
You visited 1 branch of the dungeon, and saw 4 of its levels.
You also visited: Sewer and Ossuary.

You collected 157 gold pieces.

Inventory:

Hand Weapons
 a - a +1 hand axe (weapon)
Missiles
 c - 34 stones (quivered)
 h - 46 arrows
 j - 10 poisoned darts
 q - 21 bolts
 r - 4 atropa-tipped darts {!f}
Armour
 b - a +0 robe
 f - a +0 ring mail
 o - a +0 chain mail (worn)
Scrolls
 g - 3 scrolls of teleportation
 m - a scroll of noise {unknown}
 u - a scroll of immolation
 w - a scroll of enchant weapon
Potions
 d - a potion of heal wounds {unknown}
 e - a potion of curing {unknown}
 i - 2 potions of cancellation
 k - a potion of flight
 l - 2 potions of magic {unknown}
 n - 2 potions of degeneration
 s - 2 potions of ambrosia {unknown}
 t - a potion of might {unknown}
 v - 2 potions of resistance {unknown}


   Skills:
 + Level 5.5 Fighting
 + Level 5.1 Axes
 + Level 3.9 Armour
 - Level 3.0 Dodging
 - Level 1.7 Stealth


You had 6 spell levels left.
You didn't know any spells.
Your spell library was empty.

Dungeon Overview and Level Annotations

Branches:
Dungeon (4/15)              Sewer (visited)         Ossuary (visited)
 Temple: D:4-7

Altars:


Innate Abilities, Weirdness & Mutations

You are partially covered in icy blue scales. (AC +2)
A meltable icy envelope protects you from harm. (AC +4)
You sometimes gain a little power by taking damage.
A meltable shield of frost defends you. (SH +4)
You have a small tail.


Message History

Throw: 5 darts (atropa) {!f}
Press: ? - help, Shift-Dir - straight line, f/p - ogre
Aim: an ogre, wielding a +0 giant club (lightly wounded, 76% to hit, chance to blind on hit: 41%)
You throw an atropa-tipped dart {!f}.
The atropa-tipped dart {!f} hits the ogre.
The ogre resists.
The ogre is lightly wounded.
The kobold throws a stone.
The stone hits you.
The kobold throws a stone.
You block the stone. The ogre hits you with a +0 giant club!
* * * LOW HITPOINT WARNING * * *
The kobold throws a stone.
The stone hits you but does no damage.
Okay, then.
As you read the scroll of summoning, it crumbles to dust.
Wisps of shadow whirl around you...
You swap places.
Your hound skeleton bites the ogre.
Your ogre closely misses the ogre.
The phantom closely misses your ogre.
Your hound skeleton bites the ogre.
Your iguana barely misses the phantom.
Your hound skeleton bites the ogre.
The phantom hits your ogre.
The phantom blinks!
Your ogre blinks!
The kobold throws a stone.
The stone hits you but does no damage.
Your hound skeleton bites the ogre.
The kobold throws a stone.
The stone hits you but does no damage.
Your hound skeleton bites the ogre.
Okay, then.
It was a potion of degeneration.
There was something very wrong with that liquid.
You feel weakened.
You feel dopey.
You feel clumsy. The ogre hits you with a +0 giant club.
* * * LOW HITPOINT WARNING * * *
Your hound skeleton bites the ogre.
Okay, then.
Unknown command.
It was a potion of flight.
You feel very buoyant.
You fly up into the air.
Your hound skeleton bites the ogre.
The ogre hits you with a +0 giant club!
You die...

,,* ##...#...#.........#
*,*,,,, ,,*
#.>.#...##........#
*,*,,*, ,,*
#...#...##O.).....#
*,****, ,,*
##########K.......#
*,,,,,, ,,*
*...#...##........#
*******
,,****#.>.#.>.##l.......#
,,,,,,#...#...#.Z.......#
*****,+#######'.O.......#
**** #..@.......#
############


You could see an ogre (ally target), a kobold, a friendly ogre (summoned), a
friendly iguana (summoned) and a friendly hound skeleton (summoned).

Vanquished Creatures
  Pargi (Sewer)
  A black bear (D:4)
  A centaur (D:3)
  Blork the orc (D:4)
  4 centaur zombies (Ossuary)
  A centaur skeleton (D:2)
  A human zombie (Ossuary)
  Ijyb (D:3)
  2 mummies (Ossuary)
  5 adders
  An adder zombie (Ossuary)
  4 worms
  2 orcs (D:3)
  11 ball pythons
  4 bats (D:1)
  4 endoplasms
  3 giant cockroaches
  6 goblins
  A hobgoblin (D:2)
  7 jackals (D:1)
  6 frilled lizards
  2 goblin zombies (Ossuary)
  6 hobgoblin zombies (Ossuary)
  A jackal zombie (Ossuary)
  7 kobolds
  10 kobold zombies (Ossuary)
  10 orc zombies (Ossuary)
  3 rats
  A rat zombie (Ossuary)
107 creatures vanquished.

Notes
Turn   | Place    | Note
-------+----------+-------------------------------------------
     0 | D:1      | jfcaron the Demonspawn Monk began the quest for the Orb.
     0 | D:1      | Reached XP level 1. HP: 18/18 MP: 1/1
   352 | D:1      | Gained mutation: You have a small tail. [demonic ancestry]
   352 | D:1      | Reached XP level 2. HP: 19/24 MP: 2/2
   734 | D:1      | Found a faded altar of an unknown god.
  1569 | D:2      | Gained mutation: A meltable shield of frost defends you.
                  | (SH +4) [demonic ancestry]
  1569 | D:2      | Reached XP level 3. HP: 29/29 MP: 3/3
  1672 | D:2      | Reached skill level 1 in Armour
  1770 | D:2      | Gained mutation: You sometimes gain a little power by
                  | taking damage. [demonic ancestry]
  1770 | D:2      | Reached XP level 4. HP: 11/37 MP: 4/4
  2773 | D:3      | Found a glowing drain.
  2820 | Sewer    | Entered a sewer
  2972 | Sewer    | Noticed Pargi
  2986 | Sewer    | Killed Pargi
  2987 | Sewer    | Gained mutation: A meltable icy envelope protects you from
                  | harm. (AC +4) [demonic ancestry]
  2987 | Sewer    | Reached XP level 5. HP: 10/43 MP: 5/5
  3697 | D:3      | Noticed a centaur
  3706 | D:3      | Killed a centaur
  3707 | D:3      | Gained mutation: You are partially covered in icy blue
                  | scales. (AC +2) [demonic ancestry]
  3707 | D:3      | Reached XP level 6. HP: 39/49 MP: 6/6
  3896 | D:3      | Noticed Ijyb
  3915 | D:3      | Killed Ijyb
  4226 | D:4      | Reached skill level 5 in Fighting
  4241 | D:4      | Found a sand-covered staircase.
  4437 | Ossuary  | Entered an ossuary
  4838 | Ossuary  | Reached XP level 7. HP: 56/56 MP: 7/7
  5195 | Ossuary  | Reached skill level 5 in Axes
  5296 | D:4      | Noticed Blork the orc
  5309 | D:4      | Killed Blork the orc
  5413 | D:4      | HP: 11/56 [ogre (12)]
  5427 | D:4      | HP: 7/56 [ogre (6)]
  5428 | D:4      | Mangled by an ogre

Illustrated notes

Levels and vault maps discovered:
D:1:      matt_arrival_grand_opening, layout_basic,
          nicolae_ecumenical_snake_handling
D:2:      layout_basic, st_stairs_3, amethyst_killhole
D:3:      layout_rooms, cheibrodos_sewer_entry_bend, uniq_ijyb
D:4:      layout_basic, nicolae_ossuary_entry_false_entrances,
          minmay_misc_feat_tower, moated_statue, uniq_blork_the_orc

Skill      XL: |  1  2  3  4  5  6  7 |
---------------+----------------------+-----
Dodging        | 3 |  3.0
Axes           | 3 4 5 |  5.1
Armour         | 1 2 3 |  3.9
Fighting       | 4 5 |  5.5
Stealth        | |  1.7

Action                   |  1- 3 |  4- 6 |  7- 9 || total
-------------------------+-------+-------+-------++-------
Melee: Hand axe          |    79 |   202 |    89 ||   370
       Tailslap          |     4 |    29 |    21 ||    54
       Punch             |       |       |     1 ||     1
Throw: Stone             |    32 |   122 |     4 ||   158
       Dart              |     2 |    17 |     8 ||    27
Evoke: Wand              |     3 |     7 |       ||    10
  Use: Scroll            |       |     7 |     3 ||    10
       Potion            |       |       |     2 ||     2
 Stab: Sleeping          |     1 |       |       ||     1
       Invisible         |       |       |     2 ||     2
Armor: Robe              |    11 |       |       ||    11
       Ring mail         |    19 |    21 |       ||    40
       Chain mail        |       |    86 |    63 ||   149
Dodge: Dodged            |    58 |    85 |    26 ||   169
Block: Other             |       |    37 |    21 ||    58
